Hurricanes vs Canadiens

Created - November 5 2010 at 17:53

Goals
1 2 3 T
Hurricanes 0 1 0 1
Canadiens 0 3 0 3
Shots
1 2 3 T
Hurricanes 13 6 12 31
Canadiens 7 6 11 24

Period #1

No Goal

Penalties :
Andy Greene (CAR) for Tripping (Minor) at 0:32, David Booth (MTL) for Boarding (Minor) at 7:33, Jamie Benn (CAR) for Holding (Minor) at 13:13, Jarome Iginla (CAR) for Hooking (Minor) at 14:51, R.J. Umberger (MTL) for Goalie Interference (Minor) at 17:47, Ed Jovanovski (MTL) for Cross-checking (Minor) at 18:04

Period #2

1. Hurricanes , Pierre-Marc Bouchard 2 (Jarome Iginla, Brent Sopel) at 1:02
2. Canadiens , Jason Pominville 4 (Cory Stillman, Brent Seabrook) at 11:11
3. Canadiens , Toni Lydman 3 (Cory Stillman, Ales Hemsky) at 12:10 (PP)
4. Canadiens , Ilya Kovalchuk 3 (Marian Gaborik, Tomas Plekanec) at 18:59

Penalties :
Kris Russell (MTL) for Holding (Minor) at 1:40, Brent Seabrook (MTL) for Holding (Minor) at 6:03, Ed Jovanovski (MTL) for Holding (Minor) at 7:50, Ryan Wilson (CAR) for Hooking (Minor) at 11:57, Mathieu Roy (CAR) for Hooking (Minor) at 13:36, Alexander Edler (MTL) for Interference (Minor) at 14:09, Pascal Leclaire (CAR) for Slashing (Minor) at 19:51 - Mathieu Roy served the penalty., R.J. Umberger (MTL) for Hooking (Minor) at 19:52

Period #3

No Goal

Penalties :
R.J. Umberger (MTL) for Holding (Minor) at 11:33

Goalie Stats

Pascal Leclaire (CAR), 21 saves from 24 shots - (0.875), L, 5-7-1, 60:00 minutes
Jaroslav Halak (MTL), 30 saves from 31 shots - (0.968), W, 5-6-2, 60:00 minutes

Players Stats

Hurricanes
Player Name              G  A  P  +/- PIM S  H  SB FO    MP 
------------------------------------------------------------
Andy Greene              0  0  0   0  2   3  1  0  0/0   22 
Brent Sopel              0  1  1   0  0   0  0  2  0/0   20 
Brett Carson             0  0  0   0  0   0  1  0  0/0   20 
Derick Brassard          0  0  0   0  0   4  2  0  7/20  17 
Eric Belanger            0  0  0  -1  0   4  0  0  9/20  17 
Eric Staal               0  0  0   0  0   4  3  0  13/31 23 
Erik Cole                0  0  0   0  0   4  0  0  1/2   20 
Jamie Benn               0  0  0   0  2   1  3  0  0/3   20 
Jarome Iginla            0  1  1   0  2   3  2  1  1/5   22 
Jed Ortmeyer             0  0  0  -1  0   2  4  0  0/1   14 
Jere Lehtinen            0  0  0  -1  0   1  0  0  0/0   17 
Johnny Oduya             0  0  0  -1  0   0  0  4  0/0   20 
Mathieu Roy              0  0  0  -1  2   0  2  0  0/0   16 
Mathieu Schneider        0  0  0   0  0   0  0  0  0/0   0  
Mikhail Grabovski        0  0  0   0  0   0  0  0  1/3   3  
Pierre-Marc Bouchard     1  0  1   0  0   2  0  1  1/3   18 
Ryan Wilson              0  0  0   0  2   3  0  3  0/0   20 
Scott Walker             0  0  0   0  0   0  0  0  0/0   1  
Canadiens
Player Name              G  A  P  +/- PIM S  H  SB FO    MP 
------------------------------------------------------------
Ales Hemsky              0  1  1   0  0   0  0  0  1/2   16 
Alexander Edler          0  0  0   1  2   0  1  2  0/0   22 
Brent Seabrook           0  1  1   0  2   1  3  2  0/0   22 
Cory Stillman            0  2  2   0  0   3  1  0  2/2   16 
David Booth              0  0  0   1  2   1  1  0  1/1   8  
Ed Jovanovski            0  0  0   0  4   1  1  1  0/0   21 
Ilya Kovalchuk           1  0  1   1  0   4  1  0  1/5   15 
Jason Pominville         1  0  1   0  0   3  0  0  0/2   16 
Kris Russell             0  0  0   0  2   0  2  1  0/0   16 
Marian Gaborik           0  1  1   1  0   2  0  0  2/5   18 
Maxime Talbot            0  0  0   0  0   2  0  0  0/0   10 
Patrik Berglund          0  0  0   0  0   2  0  0  3/3   3  
R.J. Umberger            0  0  0   0  6   0  2  0  22/30 19 
Shawn Horcoff            0  0  0   0  0   2  0  0  9/12  15 
Tom Gilbert              0  0  0   0  0   0  0  1  0/0   14 
Tomas Plekanec           0  1  1   1  0   2  4  1  14/24 20 
Toni Lydman              1  0  1   0  0   1  2  3  0/0   21 
Wayne Simmonds           0  0  0   0  0   0  0  1  0/2   12 

3 Stars

1 - Jaroslav Halak (MTL)
2 - Toni Lydman (MTL)
3 - Ilya Kovalchuk (MTL)

Power Play

Hurricanes - 0 on 9 Attempt(s) - 0.00%
Canadiens - 1 on 6 Attempt(s) - 16.67%

Penalty Kill

Hurricanes - 5 on 6 Attempt(s) - 83.33% - Score 0 goal in Penalty Kill
Canadiens - 9 on 9 Attempt(s) - 100.00% - Score 0 goal in Penalty Kill

Game Notes

No Game Note

Finance

Level 1 -- Attendance: 3402 (52.34%) -- Ticket Income $425,250.00
Level 2 -- Attendance: 2850 (57.00%) -- Ticket Income $199,500.00
Level 3 -- Attendance: 2230 (63.71%) -- Ticket Income $93,660.00
Level 4 -- Attendance: 1463 (27.75%) -- Ticket Income $43,890.00
Luxury Box -- Attendance: 590 (59.00%) -- Ticket Income $147,500.00
Game was played at the Bell Centre
Total Attendance: 10535 (49.52%)
Total Ticket Income: $909,860.50
Other Income: $197,581.80
Total Income: $1,107,442.00


Play by Play

Period #1

0:01 of 1st period - R.J. Umberger wins face-off versus Derick Brassard in neutral zone.
0:14 of 1st period - Shot by Cory Stillman.
0:14 of 1st period - Shot Misses the Net.
0:21 of 1st period - Off-side.
0:22 of 1st period - Eric Staal wins face-off versus Marian Gaborik in neutral zone.
0:31 of 1st period - Shot by Marian Gaborik.
0:31 of 1st period - Shot Blocked by Ryan Wilson.
0:32 of 1st period - Minor Penalty to Andy Greene for Tripping.
0:33 of 1st period - Eric Belanger wins face-off versus R.J. Umberger in Hurricanes zone.
0:56 of 1st period - Shot by Toni Lydman.
0:56 of 1st period - Shot Misses the Net.
1:30 of 1st period - Shot by Ilya Kovalchuk.
1:30 of 1st period - Shot Misses the Net.
1:32 of 1st period - Shot by Brent Seabrook.
1:32 of 1st period - Stopped by Pascal Leclaire without a rebound.
1:33 of 1st period - Eric Staal wins face-off versus Tomas Plekanec in Hurricanes zone.
1:33 of 1st period - Eric Staal is hit by Tomas Plekanec.
2:37 of 1st period - Shot by Patrik Berglund.
2:37 of 1st period - Shot Misses the Net.
2:39 of 1st period - Shot by Ed Jovanovski.
2:39 of 1st period - Shot Blocked by Pierre-Marc Bouchard.
2:41 of 1st period - Shot by Brent Seabrook.
2:41 of 1st period - Shot Misses the Net.
2:45 of 1st period - Shot by Brent Seabrook.
2:45 of 1st period - Shot Misses the Net.
2:57 of 1st period - Shot by Patrik Berglund.
2:57 of 1st period - Stopped by Pascal Leclaire with a rebound.
3:01 of 1st period - Shot by Patrik Berglund.
3:01 of 1st period - Stopped by Pascal Leclaire without a rebound.
3:02 of 1st period - Shawn Horcoff wins face-off versus Eric Staal in Hurricanes zone.
3:02 of 1st period - Shawn Horcoff is hit by Andy Greene.
3:43 of 1st period - Ryan Wilson is hit by David Booth and loses puck.
4:06 of 1st period - Shot by Ilya Kovalchuk.
4:06 of 1st period - Stopped by Pascal Leclaire with a rebound.
4:08 of 1st period - Shot by Marian Gaborik.
4:08 of 1st period - Shot Misses the Net.
5:12 of 1st period - Shot by Ales Hemsky.
5:12 of 1st period - Shot Misses the Net.
5:14 of 1st period - Shot by Shawn Horcoff.
5:14 of 1st period - Stopped by Pascal Leclaire without a rebound.
5:15 of 1st period - Tomas Plekanec wins face-off versus Eric Staal in Hurricanes zone.
6:12 of 1st period - Ales Hemsky is hit by Jed Ortmeyer and loses puck.
6:18 of 1st period - Off-side.
6:19 of 1st period - R.J. Umberger wins face-off versus Derick Brassard in neutral zone.
6:29 of 1st period - Icing by Jarome Iginla.
6:30 of 1st period - Jarome Iginla wins face-off versus Shawn Horcoff in Hurricanes zone.
7:09 of 1st period - Icing by Brett Carson.
7:10 of 1st period - Derick Brassard wins face-off versus R.J. Umberger in Hurricanes zone.
7:26 of 1st period - Icing by Mathieu Roy.
7:27 of 1st period - Patrik Berglund wins face-off versus Eric Belanger in Hurricanes zone.
7:33 of 1st period - Minor Penalty to David Booth for Boarding.
7:34 of 1st period - R.J. Umberger wins face-off versus Eric Staal in Canadiens zone.
8:03 of 1st period - Icing by Ryan Wilson.
8:04 of 1st period - Eric Staal wins face-off versus Tomas Plekanec in Hurricanes zone.
8:11 of 1st period - Toni Lydman is hit by Jamie Benn and loses puck.
9:20 of 1st period - Shot by Andy Greene.
9:20 of 1st period - Stopped by Jaroslav Halak without a rebound.
9:21 of 1st period - R.J. Umberger wins face-off versus Derick Brassard in Canadiens zone.
9:38 of 1st period - Shot by Jed Ortmeyer.
9:38 of 1st period - Stopped by Jaroslav Halak with a rebound.
9:40 of 1st period - Shot by Johnny Oduya.
9:40 of 1st period - Shot Misses the Net.
9:46 of 1st period - Shot by Jere Lehtinen.
9:46 of 1st period - Deflect By Jed Ortmeyer.
9:46 of 1st period - Shot Misses the Net.
9:48 of 1st period - Shot by Jed Ortmeyer.
9:48 of 1st period - Deflect By Eric Belanger.
9:48 of 1st period - Stopped by Jaroslav Halak with a rebound.
9:50 of 1st period - Shot by Jed Ortmeyer.
9:50 of 1st period - Deflect By Jere Lehtinen.
9:50 of 1st period - Stopped by Jaroslav Halak without a rebound.
9:51 of 1st period - Tomas Plekanec wins face-off versus Eric Belanger in Canadiens zone.
9:51 of 1st period - Tomas Plekanec is hit by Jed Ortmeyer.
10:19 of 1st period - Jed Ortmeyer is hit by Kris Russell and loses puck.
10:30 of 1st period - Shot by Pierre-Marc Bouchard.
10:30 of 1st period - Stopped by Jaroslav Halak without a rebound.
10:31 of 1st period - R.J. Umberger wins face-off versus Eric Staal in Canadiens zone.
10:31 of 1st period - R.J. Umberger is hit by Jamie Benn.
10:50 of 1st period - Icing by Brent Seabrook.
10:51 of 1st period - R.J. Umberger wins face-off versus Derick Brassard in Canadiens zone.
12:04 of 1st period - Off-side.
12:05 of 1st period - Tomas Plekanec wins face-off versus Eric Belanger in neutral zone.
13:13 of 1st period - Minor Penalty to Jamie Benn for Holding.
13:14 of 1st period - R.J. Umberger wins face-off versus Eric Belanger in Hurricanes zone.
14:16 of 1st period - Icing by Brent Seabrook.
14:17 of 1st period - Marian Gaborik wins face-off versus Erik Cole in Canadiens zone.
14:51 of 1st period - Minor Penalty to Jarome Iginla for Hooking.
14:52 of 1st period - R.J. Umberger wins face-off versus Eric Staal in Hurricanes zone.
16:00 of 1st period - Icing by Alexander Edler.
16:01 of 1st period - Eric Belanger wins face-off versus Ilya Kovalchuk in Canadiens zone.
16:19 of 1st period - Icing by Jason Pominville.
16:20 of 1st period - Eric Belanger wins face-off versus Jason Pominville in Canadiens zone.
16:41 of 1st period - Shot by Kris Russell.
16:41 of 1st period - Shot Blocked by Johnny Oduya.
16:46 of 1st period - Shot by Shawn Horcoff.
16:46 of 1st period - Stopped by Pascal Leclaire without a rebound.
16:47 of 1st period - R.J. Umberger wins face-off versus Jamie Benn in Hurricanes zone.
17:12 of 1st period - Shot by Maxime Talbot.
17:12 of 1st period - Stopped by Pascal Leclaire without a rebound.
17:13 of 1st period - Eric Staal wins face-off versus Wayne Simmonds in Hurricanes zone.
17:47 of 1st period - Minor Penalty to R.J. Umberger for Goalie Interference.
17:48 of 1st period - Marian Gaborik wins face-off versus Eric Staal in Canadiens zone.
17:58 of 1st period - Jarome Iginla is hit by Ed Jovanovski and loses puck.
18:04 of 1st period - Minor Penalty to Ed Jovanovski for Cross-checking.
18:05 of 1st period - Derick Brassard wins face-off versus Tomas Plekanec in Canadiens zone.
18:10 of 1st period - Shot by Ryan Wilson.
18:10 of 1st period - Stopped by Jaroslav Halak with a rebound.
18:12 of 1st period - Shot by Jamie Benn.
18:12 of 1st period - Stopped by Jaroslav Halak with a rebound.
18:16 of 1st period - Shot by Andy Greene.
18:16 of 1st period - Shot Blocked by Alexander Edler.
18:18 of 1st period - Shot by Andy Greene.
18:18 of 1st period - Stopped by Jaroslav Halak without a rebound.
18:19 of 1st period - Shawn Horcoff wins face-off versus Pierre-Marc Bouchard in Canadiens zone.
18:29 of 1st period - Off-side.
18:30 of 1st period - Tomas Plekanec wins face-off versus Eric Staal in neutral zone.
18:36 of 1st period - Icing by Jarome Iginla.
18:37 of 1st period - Tomas Plekanec wins face-off versus Eric Staal in Hurricanes zone.
19:01 of 1st period - Off-side.
19:02 of 1st period - Tomas Plekanec wins face-off versus Derick Brassard in neutral zone.
19:02 of 1st period - Tom Gilbert is hit by Derick Brassard and loses puck.
19:15 of 1st period - Shot by Derick Brassard.
19:15 of 1st period - Stopped by Jaroslav Halak with a rebound.
19:19 of 1st period - Shot by Derick Brassard.
19:19 of 1st period - Shot Misses the Net.
19:21 of 1st period - Shot by Andy Greene.
19:21 of 1st period - Shot Blocked by Tom Gilbert.
19:23 of 1st period - Shot by Andy Greene.
19:23 of 1st period - Shot Misses the Net.
19:25 of 1st period - Shot by Andy Greene.
19:25 of 1st period - Stopped by Jaroslav Halak without a rebound.
19:26 of 1st period - Shawn Horcoff wins face-off versus Derick Brassard in Canadiens zone.
19:32 of 1st period - Icing by Andy Greene.
19:33 of 1st period - Shawn Horcoff wins face-off versus Jamie Benn in Hurricanes zone.
19:46 of 1st period - Shot by Jamie Benn.
19:46 of 1st period - Shot Blocked by Brent Seabrook.
19:48 of 1st period - Shot by Ryan Wilson.
19:48 of 1st period - Stopped by Jaroslav Halak with a rebound.
19:50 of 1st period - Shot by Ryan Wilson.
19:50 of 1st period - Stopped by Jaroslav Halak with a rebound.
19:54 of 1st period - Shot by Erik Cole.
19:54 of 1st period - Stopped by Jaroslav Halak without a rebound.
19:55 of 1st period - Eric Staal wins face-off versus R.J. Umberger in Canadiens zone.

Period #2

0:01 of 2nd period - Tomas Plekanec wins face-off versus Eric Staal in neutral zone.
0:04 of 2nd period - Brett Carson is hit by Tomas Plekanec and loses puck.
0:13 of 2nd period - Shot by Ilya Kovalchuk.
0:13 of 2nd period - Shot Blocked by Johnny Oduya.
0:25 of 2nd period - Shot by Marian Gaborik.
0:25 of 2nd period - Shot Misses the Net.
0:29 of 2nd period - Shot by Ilya Kovalchuk.
0:29 of 2nd period - Shot Blocked by Johnny Oduya.
0:42 of 2nd period - Icing by Alexander Edler.
0:43 of 2nd period - Tomas Plekanec wins face-off versus Derick Brassard in Canadiens zone.
1:02 of 2nd period - Shot by Pierre-Marc Bouchard.
1:02 of 2nd period - Goal by Pierre-Marc Bouchard - Hurricanes : 1 - Canadiens : 0.
1:03 of 2nd period - Eric Staal wins face-off versus Ales Hemsky in neutral zone.
1:30 of 2nd period - Eric Staal is hit by Toni Lydman and loses puck.
1:38 of 2nd period - Jamie Benn is hit by Kris Russell and loses puck.
1:40 of 2nd period - Minor Penalty to Kris Russell for Holding.
1:41 of 2nd period - Eric Staal wins face-off versus R.J. Umberger in Canadiens zone.
1:52 of 2nd period - Shot by Jarome Iginla.
1:52 of 2nd period - Stopped by Jaroslav Halak without a rebound.
1:53 of 2nd period - Tomas Plekanec wins face-off versus Eric Staal in Canadiens zone.
1:53 of 2nd period - Brent Seabrook is hit by Jarome Iginla and loses puck.
2:09 of 2nd period - Icing by Eric Staal.
2:10 of 2nd period - R.J. Umberger wins face-off versus Jarome Iginla in Hurricanes zone.
2:30 of 2nd period - Icing by Brent Sopel.
2:31 of 2nd period - R.J. Umberger wins face-off versus Eric Staal in Hurricanes zone.
4:04 of 2nd period - Jed Ortmeyer is hit by Toni Lydman and loses puck.
4:41 of 2nd period - Icing by Brett Carson.
4:42 of 2nd period - Tomas Plekanec wins face-off versus Jarome Iginla in Hurricanes zone.
5:11 of 2nd period - Shot by Marian Gaborik.
5:11 of 2nd period - Shot Misses the Net.
5:13 of 2nd period - Shot by Tomas Plekanec.
5:13 of 2nd period - Shot Blocked by Brent Sopel.
5:19 of 2nd period - Shot by Tomas Plekanec.
5:19 of 2nd period - Shot Misses the Net.
5:38 of 2nd period - Brent Seabrook is hit by Derick Brassard and loses puck.
5:57 of 2nd period - Brett Carson is hit by Brent Seabrook and loses puck.
6:03 of 2nd period - Minor Penalty to Brent Seabrook for Holding.
6:04 of 2nd period - R.J. Umberger wins face-off versus Eric Staal in Canadiens zone.
7:49 of 2nd period - Shot by Johnny Oduya.
7:49 of 2nd period - Shot Misses the Net.
7:50 of 2nd period - Minor Penalty to Ed Jovanovski for Holding.
7:51 of 2nd period - Eric Belanger wins face-off versus Shawn Horcoff in Canadiens zone.
8:14 of 2nd period - Shot by Jarome Iginla.
8:14 of 2nd period - Shot Blocked by Brent Seabrook.
9:11 of 2nd period - Icing by Ryan Wilson.
9:12 of 2nd period - R.J. Umberger wins face-off versus Eric Staal in Hurricanes zone.
9:34 of 2nd period - Icing by Ryan Wilson.
9:35 of 2nd period - Eric Staal wins face-off versus Tomas Plekanec in Hurricanes zone.
9:35 of 2nd period - Eric Staal is hit by Tomas Plekanec.
9:53 of 2nd period - Shawn Horcoff is hit by Jed Ortmeyer and loses puck.
10:17 of 2nd period - Shot by Eric Belanger.
10:17 of 2nd period - Stopped by Jaroslav Halak without a rebound.
10:18 of 2nd period - Derick Brassard wins face-off versus Tomas Plekanec in Canadiens zone.
10:23 of 2nd period - Shot by Derick Brassard.
10:23 of 2nd period - Shot Misses the Net.
10:47 of 2nd period - Shot by Ed Jovanovski.
10:47 of 2nd period - Shot Blocked by Jarome Iginla.
10:49 of 2nd period - Shot by Ed Jovanovski.
10:49 of 2nd period - Stopped by Pascal Leclaire without a rebound.
10:50 of 2nd period - R.J. Umberger wins face-off versus Eric Belanger in Hurricanes zone.
11:09 of 2nd period - Shot by Cory Stillman.
11:09 of 2nd period - Shot Misses the Net.
11:11 of 2nd period - Shot by Jason Pominville.
11:11 of 2nd period - Goal by Jason Pominville - Hurricanes : 1 - Canadiens : 1.
11:12 of 2nd period - David Booth wins face-off versus Eric Staal in neutral zone.
11:42 of 2nd period - Shot by David Booth.
11:42 of 2nd period - Shot Blocked by Ryan Wilson.
11:57 of 2nd period - Minor Penalty to Ryan Wilson for Hooking.
11:58 of 2nd period - R.J. Umberger wins face-off versus Eric Belanger in Hurricanes zone.
12:05 of 2nd period - Shot by Ales Hemsky.
12:05 of 2nd period - Shot Misses the Net.
12:10 of 2nd period - Shot by Toni Lydman.
12:10 of 2nd period - Goal by Toni Lydman - Hurricanes : 1 - Canadiens : 2.
12:11 of 2nd period - Shawn Horcoff wins face-off versus Derick Brassard in neutral zone.
13:03 of 2nd period - Icing by Brent Seabrook.
13:04 of 2nd period - Eric Belanger wins face-off versus Jason Pominville in Canadiens zone.
13:11 of 2nd period - Shot by Eric Belanger.
13:11 of 2nd period - Stopped by Jaroslav Halak without a rebound.
13:12 of 2nd period - Tomas Plekanec wins face-off versus Eric Belanger in Canadiens zone.
13:12 of 2nd period - Tomas Plekanec is hit by Jed Ortmeyer.
13:36 of 2nd period - Minor Penalty to Mathieu Roy for Hooking.
13:37 of 2nd period - Eric Belanger wins face-off versus R.J. Umberger in Hurricanes zone.
13:37 of 2nd period - Eric Belanger is hit by Cory Stillman.
14:09 of 2nd period - Minor Penalty to Alexander Edler for Interference.
14:10 of 2nd period - Derick Brassard wins face-off versus Ilya Kovalchuk in Canadiens zone.
14:10 of 2nd period - Ryan Wilson is hit by Brent Seabrook and loses puck.
14:21 of 2nd period - Shot by Ilya Kovalchuk.
14:21 of 2nd period - Shot Misses the Net.
14:23 of 2nd period - Shot by Brent Seabrook.
14:23 of 2nd period - Shot Misses the Net.
14:27 of 2nd period - Shot by Ilya Kovalchuk.
14:27 of 2nd period - Stopped by Pascal Leclaire without a rebound.
14:28 of 2nd period - Eric Staal wins face-off versus Ilya Kovalchuk in Hurricanes zone.
15:15 of 2nd period - Icing by Kris Russell.
15:16 of 2nd period - Shawn Horcoff wins face-off versus Derick Brassard in Canadiens zone.
15:54 of 2nd period - Shot by Derick Brassard.
15:54 of 2nd period - Stopped by Jaroslav Halak without a rebound.
15:55 of 2nd period - R.J. Umberger wins face-off versus Jarome Iginla in Canadiens zone.
16:09 of 2nd period - Off-side.
16:10 of 2nd period - Eric Belanger wins face-off versus Tomas Plekanec in neutral zone.
16:43 of 2nd period - Shot by Ilya Kovalchuk.
16:43 of 2nd period - Shot Misses the Net.
17:09 of 2nd period - Icing by Mathieu Roy.
17:10 of 2nd period - R.J. Umberger wins face-off versus Eric Belanger in Hurricanes zone.
17:20 of 2nd period - R.J. Umberger is hit by Mathieu Roy and loses puck.
17:37 of 2nd period - Eric Staal is hit by R.J. Umberger and loses puck.
18:41 of 2nd period - Icing by Toni Lydman.
18:42 of 2nd period - Shawn Horcoff wins face-off versus Derick Brassard in Canadiens zone.
18:59 of 2nd period - Shot by Ilya Kovalchuk.
18:59 of 2nd period - Goal by Ilya Kovalchuk - Hurricanes : 1 - Canadiens : 3.
19:00 of 2nd period - Patrik Berglund wins face-off versus Pierre-Marc Bouchard in neutral zone.
19:12 of 2nd period - Shot by Derick Brassard.
19:12 of 2nd period - Stopped by Jaroslav Halak without a rebound.
19:13 of 2nd period - Mikhail Grabovski wins face-off versus Tomas Plekanec in Canadiens zone.
19:32 of 2nd period - Off-side.
19:33 of 2nd period - R.J. Umberger wins face-off versus Eric Belanger in neutral zone.
19:40 of 2nd period - Jed Ortmeyer is hit by R.J. Umberger and loses puck.
19:47 of 2nd period - Shot by Cory Stillman.
19:47 of 2nd period - Shot Misses the Net.
19:51 of 2nd period - Shot by Jason Pominville.
19:51 of 2nd period - Stopped by Pascal Leclaire without a rebound.
19:51 of 2nd period - Minor Penalty to Pascal Leclaire for Slashing.
19:52 of 2nd period - Eric Belanger wins face-off versus R.J. Umberger in Hurricanes zone.
19:52 of 2nd period - Minor Penalty to R.J. Umberger for Hooking.
19:53 of 2nd period - Shawn Horcoff wins face-off versus Jarome Iginla in Canadiens zone.
19:53 of 2nd period - Shawn Horcoff is hit by Eric Staal.

Period #3

0:01 of 3rd period - Eric Staal wins face-off versus Ilya Kovalchuk in neutral zone.
0:15 of 3rd period - Eric Staal is hit by Brent Seabrook and loses puck.
0:41 of 3rd period - Shot by Marian Gaborik.
0:41 of 3rd period - Stopped by Pascal Leclaire without a rebound.
0:42 of 3rd period - Derick Brassard wins face-off versus Shawn Horcoff in Hurricanes zone.
1:41 of 3rd period - Shot by Eric Staal.
1:41 of 3rd period - Shot Misses the Net.
1:45 of 3rd period - Shot by Eric Staal.
1:45 of 3rd period - Stopped by Jaroslav Halak without a rebound.
1:46 of 3rd period - Ilya Kovalchuk wins face-off versus Eric Staal in Canadiens zone.
2:57 of 3rd period - Ales Hemsky is hit by Mathieu Roy and loses puck.
3:48 of 3rd period - Shot by Jason Pominville.
3:48 of 3rd period - Shot Misses the Net.
4:24 of 3rd period - Shot by Ilya Kovalchuk.
4:24 of 3rd period - Stopped by Pascal Leclaire with a rebound.
4:26 of 3rd period - Shot by Tomas Plekanec.
4:26 of 3rd period - Stopped by Pascal Leclaire without a rebound.
4:27 of 3rd period - Patrik Berglund wins face-off versus Mikhail Grabovski in Hurricanes zone.
4:30 of 3rd period - Shot by Patrik Berglund.
4:30 of 3rd period - Shot Misses the Net.
4:32 of 3rd period - Shot by Tomas Plekanec.
4:32 of 3rd period - Shot Misses the Net.
4:36 of 3rd period - Shot by Tomas Plekanec.
4:36 of 3rd period - Shot Misses the Net.
4:38 of 3rd period - Shot by Maxime Talbot.
4:38 of 3rd period - Stopped by Pascal Leclaire with a rebound.
4:40 of 3rd period - Shot by David Booth.
4:40 of 3rd period - Stopped by Pascal Leclaire without a rebound.
4:41 of 3rd period - R.J. Umberger wins face-off versus Derick Brassard in Hurricanes zone.
4:42 of 3rd period - Shot by Cory Stillman.
4:42 of 3rd period - Stopped by Pascal Leclaire without a rebound.
4:43 of 3rd period - Pierre-Marc Bouchard wins face-off versus R.J. Umberger in Hurricanes zone.
5:08 of 3rd period - Shot by Cory Stillman.
5:08 of 3rd period - Stopped by Pascal Leclaire with a rebound.
5:10 of 3rd period - Shot by Jason Pominville.
5:10 of 3rd period - Shot Misses the Net.
5:12 of 3rd period - Shot by Jason Pominville.
5:12 of 3rd period - Shot Misses the Net.
5:46 of 3rd period - Shot by Ryan Wilson.
5:46 of 3rd period - Shot Blocked by Wayne Simmonds.
5:52 of 3rd period - Wayne Simmonds is hit by Jamie Benn and loses puck.
6:53 of 3rd period - Shot by Eric Belanger.
6:53 of 3rd period - Shot Blocked by Tomas Plekanec.
7:21 of 3rd period - Shot by Pierre-Marc Bouchard.
7:21 of 3rd period - Deflect By Jarome Iginla.
7:21 of 3rd period - Stopped by Jaroslav Halak without a rebound.
7:22 of 3rd period - R.J. Umberger wins face-off versus Jed Ortmeyer in Canadiens zone.
7:26 of 3rd period - Off-side.
7:27 of 3rd period - R.J. Umberger wins face-off versus Eric Staal in neutral zone.
7:44 of 3rd period - Brent Seabrook is hit by Eric Staal and loses puck.
7:52 of 3rd period - Icing by Brent Seabrook.
7:53 of 3rd period - Cory Stillman wins face-off versus Eric Belanger in Canadiens zone.
8:39 of 3rd period - Ales Hemsky is hit by Brett Carson and loses puck.
8:54 of 3rd period - Shot by Ales Hemsky.
8:54 of 3rd period - Shot Blocked by Brent Sopel.
9:19 of 3rd period - Shot by Eric Staal.
9:19 of 3rd period - Shot Misses the Net.
9:21 of 3rd period - Shot by Ryan Wilson.
9:21 of 3rd period - Shot Blocked by Kris Russell.
9:23 of 3rd period - Shot by Eric Staal.
9:23 of 3rd period - Shot Misses the Net.
9:56 of 3rd period - Shot by Jed Ortmeyer.
9:56 of 3rd period - Stopped by Jaroslav Halak without a rebound.
9:57 of 3rd period - Derick Brassard wins face-off versus Tomas Plekanec in Canadiens zone.
10:38 of 3rd period - Icing by Ed Jovanovski.
10:39 of 3rd period - Tomas Plekanec wins face-off versus Jamie Benn in Canadiens zone.
11:02 of 3rd period - Off-side.
11:03 of 3rd period - R.J. Umberger wins face-off versus Eric Belanger in neutral zone.
11:33 of 3rd period - Minor Penalty to R.J. Umberger for Holding.
11:34 of 3rd period - Eric Staal wins face-off versus Marian Gaborik in Canadiens zone.
11:39 of 3rd period - Shot by Jarome Iginla.
11:39 of 3rd period - Shot Blocked by Alexander Edler.
11:41 of 3rd period - Shot by Jarome Iginla.
11:41 of 3rd period - Stopped by Jaroslav Halak with a rebound.
11:45 of 3rd period - Shot by Brett Carson.
11:45 of 3rd period - Shot Blocked by Ed Jovanovski.
11:47 of 3rd period - Shot by Eric Staal.
11:47 of 3rd period - Stopped by Jaroslav Halak with a rebound.
11:49 of 3rd period - Shot by Eric Staal.
11:49 of 3rd period - Stopped by Jaroslav Halak with a rebound.
12:26 of 3rd period - Shot by Derick Brassard.
12:26 of 3rd period - Stopped by Jaroslav Halak without a rebound.
12:27 of 3rd period - Erik Cole wins face-off versus Tomas Plekanec in Canadiens zone.
12:50 of 3rd period - Shot by Derick Brassard.
12:50 of 3rd period - Deflect By Erik Cole.
12:50 of 3rd period - Stopped by Jaroslav Halak without a rebound.
12:51 of 3rd period - Ales Hemsky wins face-off versus Eric Staal in Canadiens zone.
12:51 of 3rd period - Ales Hemsky is hit by Eric Staal.
13:07 of 3rd period - Jason Pominville is hit by Jarome Iginla and loses puck.
13:20 of 3rd period - Shot by Eric Staal.
13:20 of 3rd period - Stopped by Jaroslav Halak with a rebound.
13:27 of 3rd period - Icing by Jarome Iginla.
13:28 of 3rd period - Tomas Plekanec wins face-off versus Eric Staal in Hurricanes zone.
13:41 of 3rd period - Shot by Johnny Oduya.
13:41 of 3rd period - Shot Blocked by Toni Lydman.
13:45 of 3rd period - Shot by Jamie Benn.
13:45 of 3rd period - Shot Misses the Net.
14:01 of 3rd period - Shot by Jamie Benn.
14:01 of 3rd period - Shot Blocked by Toni Lydman.
14:07 of 3rd period - Shot by Jamie Benn.
14:07 of 3rd period - Shot Misses the Net.
14:16 of 3rd period - Icing by Toni Lydman.
14:17 of 3rd period - Eric Staal wins face-off versus Wayne Simmonds in Canadiens zone.
14:31 of 3rd period - Icing by Toni Lydman.
14:32 of 3rd period - Shawn Horcoff wins face-off versus Mikhail Grabovski in Canadiens zone.
15:01 of 3rd period - Shot by Jason Pominville.
15:01 of 3rd period - Stopped by Pascal Leclaire without a rebound.
15:02 of 3rd period - Eric Staal wins face-off versus Tomas Plekanec in Hurricanes zone.
15:02 of 3rd period - Andy Greene is hit by Ilya Kovalchuk and loses puck.
15:14 of 3rd period - Ryan Wilson is hit by Tomas Plekanec and loses puck.
15:35 of 3rd period - Shot by Marian Gaborik.
15:35 of 3rd period - Shot Blocked by Ryan Wilson.
15:37 of 3rd period - Shot by Ed Jovanovski.
15:37 of 3rd period - Shot Misses the Net.
15:41 of 3rd period - Shot by Marian Gaborik.
15:41 of 3rd period - Shot Misses the Net.
15:45 of 3rd period - Shot by Tomas Plekanec.
15:45 of 3rd period - Stopped by Pascal Leclaire without a rebound.
15:46 of 3rd period - Cory Stillman wins face-off versus Derick Brassard in Hurricanes zone.
16:03 of 3rd period - Shot by Jason Pominville.
16:03 of 3rd period - Deflect By Cory Stillman.
16:03 of 3rd period - Stopped by Pascal Leclaire without a rebound.
16:04 of 3rd period - Eric Belanger wins face-off versus R.J. Umberger in Hurricanes zone.
16:25 of 3rd period - Shot by Eric Belanger.
16:25 of 3rd period - Stopped by Jaroslav Halak without a rebound.
16:26 of 3rd period - Tomas Plekanec wins face-off versus Derick Brassard in Canadiens zone.
16:37 of 3rd period - Shot by Marian Gaborik.
16:37 of 3rd period - Stopped by Pascal Leclaire with a rebound.
16:45 of 3rd period - Shot by Marian Gaborik.
16:45 of 3rd period - Shot Misses the Net.
18:46 of 3rd period - Shot by Erik Cole.
18:46 of 3rd period - Shot Misses the Net.
18:50 of 3rd period - Shot by Erik Cole.
18:50 of 3rd period - Shot Hit the Post.
18:52 of 3rd period - Shot by Eric Staal.
18:52 of 3rd period - Shot Misses the Net.
18:54 of 3rd period - Shot by Ryan Wilson.
18:54 of 3rd period - Shot Blocked by Toni Lydman.
18:58 of 3rd period - Shot by Erik Cole.
18:58 of 3rd period - Shot Hit the Post.
19:02 of 3rd period - Shot by Eric Staal.
19:02 of 3rd period - Deflect By Erik Cole.
19:02 of 3rd period - Stopped by Jaroslav Halak with a rebound.
19:06 of 3rd period - Shot by Jamie Benn.
19:06 of 3rd period - Deflect By Erik Cole.
19:06 of 3rd period - Stopped by Jaroslav Halak without a rebound.
19:07 of 3rd period - Derick Brassard wins face-off versus Marian Gaborik in Canadiens zone.
19:07 of 3rd period - Pierre-Marc Bouchard is hit by Alexander Edler and loses puck.
19:48 of 3rd period - Shot by Marian Gaborik.
19:48 of 3rd period - Shot Blocked by Johnny Oduya.


Output by the SimonT Hockey Simulator (STHS) for Stephane Roy -- Original Page W3C XHTML 1.0 Valid